 Dungeon Crawl Stone Soup version 0.29-a0-91-gdebf4667c2 (webtiles) character file.

Game seed: 18378683007309215380

160 lordive the Bolt Thrower (level 5, -2/32 HPs)
             Began as a Kobold Hunter on Feb 7, 2022.
             Slain by an orc priest (8 damage)
             ... on level 4 of the Dungeon.
             The game lasted 00:06:09 (4654 turns).

lordive the Bolt Thrower (Kobold Hunter)            Turns: 4654, Time: 00:06:09

Health: -2/32      AC:  3    Str:  9    XL:     5   Next: 69%
Magic:  5/5        EV: 14    Int: 15    God:
Gold:   186        SH:  0    Dex: 15    Spells: 4/4 levels left

rFire   . . .      SeeInvis .   a - +1 hand crossbow
rCold   . . .      Faith    .   (no shield)
rNeg    . . .      Spirit   .   c - +0 leather armour
rPois   .          Reflect  .   (no helmet)
rElec   .          Harm     .   (no cloak)
rCorr   .          Rampage  .   (no gloves)
Will    .....                   (no boots)
Stlth   +++.......              (no amulet)
HPRegen 0.10/turn               m - ring of wizardry
MPRegen 0.09/turn               (no ring)

@: no status effects
A: small, no large weapons, nightstalker 3
a: no special abilities


You were on level 4 of the Dungeon.
You visited 1 branch of the dungeon, and saw 4 of its levels.

You collected 186 gold pieces.

Inventory:

Hand Weapons
 a - a +1 hand crossbow (weapon)
 b - a +0 short sword
Missiles
 d - 11 bolts (quivered ammo)
Armour
 c - a +0 leather armour (worn)
Jewellery
 m - a ring of wizardry (left hand)
Scrolls
 e - 4 scrolls of identify {unknown}
 f - 2 scrolls of enchant weapon {unknown}
 h - 3 scrolls of fog {unknown}
 l - 2 scrolls of amnesia {unknown}
 o - a scroll of immolation {unknown}
Potions
 g - a potion of might {unknown}
 i - 2 potions of attraction {unknown}
 j - 3 potions of curing {unknown}
 k - a potion of haste {unknown}
 n - a potion of berserk rage {unknown}


   Skills:
 + Level 3.0 Fighting
 + Level 3.0 Short Blades
 + Level 5.5 Crossbows
 + Level 1.5 Armour
 + Level 2.9 Dodging
 + Level 3.0 Stealth


You had 4 spell levels left.
You didn't know any spells.
Your spell library contained the following spells:

 Spells                   Type           Power      Damage    Failure   Level
 Stone Arrow              Conj/Erth      0%         3d7       38%         3
 Animate Armour           Summ/Erth      0%         N/A       78%         4
 Lehudib's Crystal Spear  Conj/Erth      0%         10d2      100%        8


Dungeon Overview and Level Annotations

Branches:
Dungeon (4/15)
 Temple: D:4-7

Altars:

Shops:
D:3 [[[=


Innate Abilities, Weirdness & Mutations

You are small and have problems with some larger weapons.
You are completely attuned to the shadows.


Message History

d - 16 bolts (gained 3)
Things that are here:
a +0 flail; an orc corpse
There is an open door here.
An orc priest is nearby!
a - a +1 hand crossbow (weapon)
The orc priest mumbles some strange prayers to Beogh against you.
Beogh smites you!
You hear a shout!
You shoot a bolt. The bolt hits the orc priest.
The orc priest is lightly wounded.
The orc priest mumbles some strange prayers to Beogh against you.
Beogh smites you!
You are too injured to fight recklessly!
You are too injured to fight recklessly!
You are too injured to fight recklessly!
Fire: 15 bolts
Press: ? - help, Q - select action Shift-Dir - straight line, f/p - orc priest
Aim: an orc priest, wielding a +0 flail (lightly wounded, 66% to hit)
You shoot a bolt.
The bolt completely misses the orc priest.
Fire: 14 bolts
Press: ? - help, Q - select action Shift-Dir - straight line, f/p - orc priest
Aim: an orc priest, wielding a +0 flail (lightly wounded, 66% to hit)
You shoot a bolt. The bolt hits the orc priest.
The orc priest is moderately wounded.
Fire: 13 bolts
Press: ? - help, Q - select action Shift-Dir - straight line, f/p - orc priest
Aim: an orc priest, wielding a +0 flail (moderately wounded, 66% to hit)
You shoot a bolt. The bolt closely misses the orc priest.
The orc priest hits you with a +0 flail!
* * * LOW HITPOINT WARNING * * *
Fire: 12 bolts
Press: ? - help, Q - select action Shift-Dir - straight line, f/p - orc priest
Aim: an orc priest, wielding a +0 flail (moderately wounded, 66% to hit)
You shoot a bolt.
The bolt hits the orc priest but does no damage.
The orc priest is moderately wounded.
The orc priest hits you with a +0 flail!
You die...

.....###.# #.##### ###
......##)# ##.'....
......##.##########..##### ###
.........................#####..
#####..#.######†########..)....#
....#.# #.# ######.## ####.#+#
#.# #.# #.. #)# #.# #@# #.#
#...o... #....... #.....(.
#.....((


You could see an orc priest.

Vanquished Creatures
  A scorpion (D:4)
  Robin (D:3)
  3 adders
  A worm (D:2)
  A dart slug (D:3)
  3 orcs
  6 endoplasms
  A giant cockroach (D:1)
  12 goblins
  4 hobgoblins
  4 jackals (D:3)
  2 quokkas (D:2)
  2 ball pythons
  4 bats
  3 frilled lizards (D:3)
  2 kobolds
  6 rats
56 creatures vanquished.

Notes
Turn   | Place    | Note
-------+----------+-------------------------------------------
     0 | D:1      | lordive the Kobold Hunter began the quest for the Orb.
     0 | D:1      | Reached XP level 1. HP: 12/12 MP: 1/1
   121 | D:1      | Reached skill level 5 in Crossbows
   265 | D:1      | Reached XP level 2. HP: 18/18 MP: 2/2
   361 | D:1      | You fall into a shaft and drop 1 floor!
  1254 | D:2      | Reached XP level 3. HP: 16/22 MP: 3/3
  1879 | D:2      | Reached skill level 1 in Short Blades
  2232 | D:3      | Found Totoeror's Jewellery Shop.
  2236 | D:3      | Found Riuf's Antique Armour Shoppe.
  2372 | D:3      | Reached XP level 4. HP: 15/27 MP: 4/4
  2638 | D:3      | Found Hunelah's Antique Armour Shoppe.
  2895 | D:3      | Found Ycewko's Armour Shoppe.
  2995 | D:3      | Noticed Robin
  3503 | D:3      | HP: 1/27 [Robin (7)]
  3504 | D:3      | Killed Robin
  3505 | D:3      | Reached skill level 1 in Armour
  3968 | D:3      | Reached XP level 5. HP: 30/31 MP: 5/5
  4654 | D:4      | Slain by an orc priest

Illustrated notes

Levels and vault maps discovered:
D:1:      lightli_arrival_isolated_outpost, layout_basic,
          hangedman_decor_clover_reticule
D:2:      layout_loops_corners
D:3:      layout_loops_corners, serial_shops, shop, nicolae_shop_statue_plus,
          shop, nicolae_lakefront_shop, uniq_robin
D:4:      layout_basic, mainiacjoe_overflow_surrounded_room, uniq_ijyb,
          uniq_menkaure

Skill      XL: |  1  2  3  4  5 |
---------------+----------------+-----
Crossbows      | 5 |  5.5
Stealth        | 2 3 |  3.0
Short Blades   | 2 3 |  3.0
Armour         | 1 |  1.5
Fighting       | 3 |  3.0
Dodging        | |  2.9

Action                   |  1- 3 |  4- 6 || total
-------------------------+-------+-------++-------
Melee: Short sword       |    91 |   113 ||   204
       Punch             |     1 |     2 ||     3
 Fire: Hand crossbow     |     4 |    23 ||    27
 Stab: Sleeping          |    10 |     4 ||    14
Armor: Leather armour    |    22 |    19 ||    41
Dodge: Dodged            |    69 |    93 ||   162

Table legend: (Time is in decaauts)
 A = Elapsed time spent in this place.
 B = Non-inter-level travel time spent in this place.
 C = Inter-level travel time spent in this place.
 D = Time resting spent in this place.
 E = Time spent auto-exploring this place.
 F = Levels seen in this place.
 G = Mean time per level.
                   A        B        C        D        E       F      G
               +--------+--------+--------+--------+--------+-----+--------+
         Total |   4667 |   4565 |    102 |    441 |   3479 |   4 | 1166.8 |
       Dungeon |   4667 |   4565 |    102 |    441 |   3479 |   4 | 1166.8 |
               +--------+--------+--------+--------+--------+-----+--------+

Top non-repeatable levels by time:
     D:2: 1812 daAuts
     D:3: 1581 daAuts
     D:1: 873 daAuts
     D:4: 400 daAuts
